 Dungeon Crawl Stone Soup version 0.26-a0-771-g060e6a62af (webtiles) character file.

Game seed: 14646740482115368803

48 Peloso the Covered (level 3, 0/33 HPs)
             Began as a Minotaur Fighter on Nov 8, 2020.
             Succumbed to a worker ant's poison
             ... on level 2 of the Dungeon.
             The game lasted 00:01:24 (525 turns).

Peloso the Covered (Minotaur Fighter)                Turns: 525, Time: 00:01:25

Health: 0/33       AC:  7    Str: 20    XL:     3   Next: 50%
Magic:  2/2        EV:  7    Int:  5    God:
Gold:   14         SH:  9    Dex: 10    Spells: 2/2 levels left

rFire    . . .     SeeInvis .   a - +0 long sword
rCold    . . .     Faith    .   c - +0 kite shield
rNeg     . . .     Spirit   .   b - +0 scale mail
rPois    .         Reflect  .   (helmet restricted)
rElec    .         Harm     .   (no cloak)
rCorr    .         Rampage  .   (no gloves)
MR       .....                  (no boots)
Stlth    ..........             (no amulet)
HPRegen  0.11/turn              (no ring)
MPRegen  0.08/turn              (no ring)

@: mighty, lethally poisoned (0 -> -2)
A: retaliatory headbutt, horns 2
a: no special abilities


You were on level 2 of the Dungeon.
You visited 1 branch of the dungeon, and saw 2 of its levels.

You collected 14 gold pieces.

Inventory:

Hand Weapons
 a - a +0 long sword (weapon)
Armour
 b - a +0 scale mail (worn)
 c - a +0 kite shield (worn)
Scrolls
 e - a scroll of enchant armour {unknown}
 f - a scroll of identify {unknown}


   Skills:
 + Level 4.2 Fighting
 + Level 2.7 Long Blades
 + Level 4.5 Armour
 + Level 0.3 Dodging
 + Level 4.0 Shields


You had 2 spell levels left.
You didn't know any spells.
Your spell library was empty.

Dungeon Overview and Level Annotations

Branches:
Dungeon (1/15)

Altars:

Annotations:
D:2 1 runed translucent door, Crazy Yiuf


Innate Abilities, Weirdness & Mutations

You reflexively headbutt those who attack you in melee.
You have a pair of horns on your head.


Message History

* * * LOW HITPOINT WARNING * * *
The bat hits you but does no damage. The bat barely misses you.
You block the bat's attack.
You feel sick. You block the bat's attack. The bat barely misses you.
You furiously retaliate!
You headbutt the bat!
You kill the bat!
Okay, then.
You hit the worker ant.
The worker ant is moderately wounded.
The worker ant bites you but does no damage.
The worker ant bites you.
* * * LOW HITPOINT WARNING * * *
Unknown command.
Okay, then.
You feel very mighty all of a sudden. The worker ant barely misses you.
You slash the worker ant!
The worker ant is severely wounded.
You die...

....# # ...# .
### ...# .##..
##...## ....
##(....# #..#
#(.#####
#..######..#
#..##...g..#
#@##.###).#
#B##.###..#
#gl....g..# #
###..l....#
...####...##..#
#............#
#####....#####
######>........
#.......#.#####


You could see a worker ant, a leopard gecko and a hobgoblin.

Vanquished Creatures
  Robin (D:2)
  An adder (D:2)
  3 dart slugs
  2 bats (D:2)
  6 goblins
  3 hobgoblins (D:2)
  2 kobolds (D:2)
  A ball python (D:1)
19 creatures vanquished.

Notes
Turn   | Place    | Note
-------+----------+-------------------------------------------
     0 | D:1      | Peloso the Minotaur Fighter began the quest for the Orb.
     0 | D:1      | Reached XP level 1. HP: 19/19 MP: 0/0
   140 | D:1      | You fall into a shaft and drop 1 floor!
   152 | D:2      | Noticed Robin
   155 | D:2      | Reached XP level 2. HP: 27/27 MP: 1/1
   160 | D:2      | Killed Robin
   407 | D:2      | Reached XP level 3. HP: 31/33 MP: 2/2
   443 | D:2      | Found a runed translucent door.
   444 | D:2      | Noticed Crazy Yiuf
   523 | D:2      | HP: 1/33 [worker ant (3)]
   525 | D:2      | Succumbed to a worker ant's poison

Illustrated notes

Levels and vault maps discovered:
D:1:      onia_arrival_mini_spirals, layout_loops_cross, minivault_25,
          serial_bayou_ford_a
D:2:      minmay_wonky_spiral, layout_loops_ring, serial_rivers,
          chequers_serial_rivers_room_a, chequers_serial_rivers_micro_e,
          chequers_serial_rivers_room_a, chequers_serial_rivers_large_a,
          grunt_ministairs_6, uniq_crazy_yiuf_cottage, uniq_robin

Skill      XL: |  1  2 |
---------------+-------+-----
Armour         | 4 |  4.5
Fighting       | 4 |  4.2
Shields        | 4 |  4.0
Long Blades    | |  2.7
Dodging        | |  0.3

Action                   || total
-------------------------++-------
Melee: Long sword        ||    51
       Headbutt          ||     6
  Use: Potion            ||     3
Armor: Scale mail        ||    33
Dodge: Dodged            ||    22
Block: Kite shield       ||    37
       Rpst.: Long sword ||     6

Table legend: (Time is in decaauts)
 A = Elapsed time spent in this place.
 B = Non-inter-level travel time spent in this place.
 C = Inter-level travel time spent in this place.
 D = Time resting spent in this place.
 E = Time spent auto-exploring this place.
 F = Levels seen in this place.
 G = Mean time per level.
                   A        B        C        D        E       F      G
               +--------+--------+--------+--------+--------+-----+--------+
         Total |    542 |    542 |      0 |      0 |    399 |   2 |  271.0 |
       Dungeon |    542 |    542 |      0 |      0 |    399 |   2 |  271.0 |
               +--------+--------+--------+--------+--------+-----+--------+

Top non-repeatable levels by time:
     D:2: 400 daAuts
     D:1: 141 daAuts
